 Dungeon Crawl Stone Soup version 0.29-a0-1052-g6990b1bffc (webtiles) character file.

Game seed: 6258824768107349320

11 drugrobin the Sneak (level 2, -1/25 HPs)
             Began as a Demigod Delver on Aug 17, 2022.
             Slain by an orc
             ... wielding a +0 hand axe
              (2 damage)
             ... on level 5 of the Dungeon.
             The game lasted 00:01:47 (378 turns).

drugrobin the Sneak (Demigod Delver)                 Turns: 378, Time: 00:01:48

Health: -1/25      AC:  3    Str: 13    XL:     2   Next: 3%
Magic:  4/4        EV: 12    Int: 12    God:
Gold:   0          SH:  0    Dex: 15    Spells: 1/1 levels left

rFire   . . .      SeeInvis .   a - +0 hand axe
rCold   . . .      Faith    .   (no shield)
rNeg    . . .      Spirit   .   b - +0 leather armour
rPois   .          Reflect  .   (no helmet)
rElec   .          Harm     .   (no cloak)
rCorr   .          Rampage  .   (no gloves)
Will    .....                   (no boots)
Stlth   +++.......              (no amulet)
HPRegen 0.08/turn               (no ring)
MPRegen 0.09/turn               (no ring)

@: no status effects
A: high MP 1, forlorn, divine attributes
a: no special abilities


You were on level 5 of the Dungeon.
You visited 1 branch of the dungeon, and saw 2 of its levels.

Inventory:

Hand Weapons
 a - a +0 hand axe (weapon)
Armour
 b - a +0 leather armour (worn)
Wands
 g - a wand of digging (3)
Scrolls
 c - a scroll of fog
 d - a scroll of magic mapping
 e - a scroll of fear
Potions
 f - a potion of haste
 h - a potion of curing {unknown}


   Skills:
 + Level 2.8 Fighting
 + Level 2.0 Axes
 + Level 2.0 Dodging
 + Level 4.6 Stealth


You had one spell level left.
You didn't know any spells.
Your spell library contained the following spells:

 Spells                   Type           Power      Damage    Failure   Level
 Dazzling Flash           Conj/Hex       0%         N/A       77%         3
 Iskenderun's Mystic Bla  Conj/Tloc      0%         2d3       99%         4
 Starburst                Conj/Fire      0%         6d3       100%        6


Dungeon Overview and Level Annotations

Branches:
Dungeon (6/15)
 Temple: D:4-7

Annotations:
D:5 Dowan, Duvessa, Grinder


Innate Abilities, Weirdness & Mutations

You have an increased reservoir of magic. (+10% MP)
You shall have no god before yourself.
Your divine heritage dramatically boosts your attributes as you level up.


Message History

You see here a +0 robe.
A hound is nearby!
Unknown command.
Unknown command.
Unknown command.
Unknown command.
You see here a +0 robe.
An orc comes into view. It is wielding a +0 hand axe.
The orc shouts!
You hear a shout!
Unknown command.
Dowan, Brother of Duvessa comes into view.
He is wielding a +0 dagger.
Found 4 stones.
Duvessa, Sister of Dowan comes into view.
She is wielding a +0 short sword.
Dowan moves out of view.
Unknown command.
You see here a +0 robe.
Found an escape hatch in the floor.
A white imp comes into view.
The white imp shouts, "Quit, thou lumpish toenail-biting crab-lanthorn!"
The white imp gestures at you. The puff of frost hits you!
You closely miss the white imp. The white imp hits you.
The white imp freezes you.
You hit the white imp.
The white imp is lightly wounded.
The white imp closely misses you.
The white imp hits you but does no damage.
You hit the white imp.
The white imp is heavily wounded.
You closely miss the orc. The white imp hits you. The white imp freezes you.
* * * LOW HITPOINT WARNING * * *
The orc hits you with a +0 hand axe.
* * * LOW HITPOINT WARNING * * *
Unknown command.
You hit the white imp.
The white imp is almost dead.
You hit the orc.
The white imp hits you but does no damage.
The orc hits you with a +0 hand axe.
You die...

## #.#.# .## #.#.#
#.#########.#.#
#....o..e...#
#.########### .##
#### [# ..# e# #5#
.# #@# .# #o# o#
#e# .# #.# .# #.#
.######### #.#
.........#######.#
>#######.e..o....#
.# ###########


You could see Duvessa, a white imp and an orc.

Vanquished Creatures
  A gnoll (D:5)
  A quokka (D:5)
2 creatures vanquished.

Notes
Turn   | Place    | Note
-------+----------+-------------------------------------------
     0 | D:5      | drugrobin the Demigod Delver began the quest for the Orb.
     0 | D:5      | Reached XP level 1. HP: 18/18 MP: 3/3
    17 | D:5      | Noticed Grinder
   137 | D:5      | Reached XP level 2. HP: 21/25 MP: 4/4
   326 | D:5      | Noticed Dowan
   326 | D:5      | Noticed Duvessa
   377 | D:5      | HP: 1/25 [orc/+0 hand axe (4)]
   378 | D:5      | Slain by an orc

Illustrated notes

Levels and vault maps discovered:
D:5:      layout_loops_ring, kennysheep_mini, minmay_temple_entry_butterflies,
          uniq_duvessa, uniq_pikel, uniq_grinder
D:6:      layout_basic, minitemple, uniq_sigmund

Skill      XL: |  1 |
---------------+----+-----
Axes           | 2 |  2.0
Dodging        | 2 |  2.0
Fighting       | |  2.8
Stealth        | |  4.6

Action                   || total
-------------------------++-------
Melee: Hand axe          ||    14
Armor: Leather armour    ||     2
Dodge: Dodged            ||     8

Table legend: (Time is in decaauts)
 A = Elapsed time spent in this place.
 B = Non-inter-level travel time spent in this place.
 C = Inter-level travel time spent in this place.
 D = Time resting spent in this place.
 E = Time spent auto-exploring this place.
 F = Levels seen in this place.
 G = Mean time per level.
                   A        B        C        D        E       F      G
               +--------+--------+--------+--------+--------+-----+--------+
         Total |    380 |    380 |      0 |     79 |     79 |   2 |  190.0 |
       Dungeon |    380 |    380 |      0 |     79 |     79 |   2 |  190.0 |
               +--------+--------+--------+--------+--------+-----+--------+

Top non-repeatable levels by time:
     D:5: 379 daAuts
     D:6: 1 daAuts
